 Dungeon Crawl Stone Soup version 0.21.1-1-g345015f (webtiles) character file.

74 Mgcat the Insei (level 4, 0/29 HPs)
             Began as an Octopode Transmuter on Mar 23, 2018.
             Succumbed to an adder's poison
             ... on level 3 of the Dungeon.
             The game lasted 00:05:26 (2151 turns).

Mgcat the Insei (Octopode Transmuter)               Turns: 2151, Time: 00:05:26

Health: 0/29       AC:  1    Str: 14    XL:     4   Next: 28%
Magic:  2/7        EV: 13    Int: 16    God:
Gold:   132        SH:  0    Dex: 12    Spells: 1/7 levels left

rFire    + + .     SeeInvis .     - Unarmed
rCold    x . .     Gourm    .   (no shield)
rNeg     . . .     Faith    .   (helmet restricted)
rPois    .         Spirit   .   (no amulet)
rElec    .         Reflect  .   i - ring of protection from fire {rF+, !d}
rCorr    .         Harm     .   g - ring of fire {rF+, rC-}
MR       .....                  n - ring of loudness (curse) {Stlth-}
Stlth    +.........             (no ring)
HPRegen  0.09/turn              (no ring)
MPRegen  0.10/turn              (no ring)
                                (no ring)
                                (no ring)

@: mighty, lethally poisoned (0 -> -4)
A: almost no armour, stealthy swim, amphibious, 8 rings, constrict 8, camouflage
1, gelatinous body 1
a: no special abilities


You were on level 3 of the Dungeon.
You were hungry.

You visited 1 branch of the dungeon, and saw 3 of its levels.

You collected 132 gold pieces.

Inventory:

Missiles
 a - 54 arrows
Jewellery
 g - a ring of fire (right tentacle) {rF+, rC-}
   (You found it on level 2 of the Dungeon)
 i - a ring of protection from fire (left tentacle) {rF+, !d}
   (You found it on level 1 of the Dungeon)
 n - a cursed ring of loudness (on tentacle) {Stlth-}
   (You found it on level 2 of the Dungeon)
Wands
 p - a wand of iceblast (9)
   (You found it on level 2 of the Dungeon)
Scrolls
 d - 2 scrolls of remove curse {unknown}
 e - 7 scrolls of identify {unknown}
Potions
 f - a potion of resistance {unknown}
 h - a potion of berserk rage {unknown}
 k - a potion of brilliance {unknown}
 l - 2 potions of cancellation {unknown}
 m - 2 potions of might
 o - a potion of curing {unknown}
Books
 b - a book of Changes
Comestibles
 c - 4 rations
 j - 4 chunks of flesh {@w0}


   Skills:
 + Level 2.3 Fighting
 - Level 2.0 Dodging
 + Level 3.6 Unarmed Combat
 - Level 2.2 Spellcasting
 + Level 2.9 Transmutations


You had one spell level left.
You knew the following spells:

 Your Spells              Type           Power        Failure   Level  Hunger
a - Beastly Appendage     Tmut           ##....       6%          1    #......
b - Sticks to Snakes      Tmut           ##......     10%         2    ###....
c - Spider Form           Tmut/Pois      #.........   32%         3    ###....


Dungeon Overview and Level Annotations

Branches:
Dungeon (3/15)

Altars:


Innate Abilities, Weirdness & Mutations

You cannot wear most types of armour.
You are very stealthy in the water. (Stealth+)
You are amphibious.
You can wear up to eight rings at the same time.
You can use your tentacles to constrict eight enemies at once.
Your skin changes colour to match your surroundings (Stealth+).
Your rubbery body absorbs attacks. (AC +1, EV +1)


Message History

The adder closely misses you. The adder barely misses you.
You tentacle-slap the adder. Your grab misses the adder.
You pierce the adder.
The adder is moderately wounded.
The adder bites you.
You closely miss the adder. Your grab misses the adder.
The adder is moderately wounded.
The adder bites you.
You tentacle-slap the adder. Your grab misses the adder.
The adder is moderately wounded.
The adder closely misses you.
Casting: Beastly Appendage
Confirm with . or Enter, or press ? or * to list all spells.
You create a snake!
You now have 57 arrows.
The adder barely misses you. The adder bites you.
You are poisoned.
The adder poisons you!
You feel sick.
The rat twitches its whiskers.
The adder bites you.
* * * LOW HITPOINT WARNING * * *
You swap places.
The adder barely misses your ball python.
Your ball python bites the adder.
Your ball python closely misses the adder.
* * * LOW HITPOINT WARNING * * *
You feel sick.
The adder barely misses your ball python.
Your ball python misses the adder.
Your ball python grabs the adder.
Your ball python constricts the adder.
The adder bites your ball python.
Your ball python is poisoned.
The adder poisons your ball python!
Your ball python bites the adder but does no damage.
Your ball python constricts the adder.
The adder bites your ball python.
Your ball python dies!
* * * LOW HITPOINT WARNING * * *
You feel sick.
The goblin shoots a stone.
The stone misses you.
You see here a stone.
* * * LOW HITPOINT WARNING * * *
You feel sick.
Okay, then.
Casting: Sticks to Snakes
Confirm with . or Enter, or press ? or * to list all spells.
You create a snake!
You now have 56 arrows.
You are feeling hungry.
The adder barely misses you.
You swap places.
* * * LOW HITPOINT WARNING * * *
You feel sick.
The adder barely misses your ball python.
Your ball python misses the adder.
Your ball python closely misses the adder.
The adder closely misses your ball python.
Your transformation is almost over.
Your ball python closely misses the adder. x2
The adder bites your ball python.
Your ball python bites the adder.
Your ball python grabs the adder.
Your ball python constricts the adder.
The adder barely misses your ball python.
Your ball python barely misses the adder.
Your ball python constricts the adder.
The adder bites your ball python.
Your ball python completely misses the adder.
Your ball python constricts the adder.
It was a potion of might.
You feel very mighty all of a sudden.
* * * LOW HITPOINT WARNING * * *
You feel sick. The adder bites your ball python.
Your ball python dies!
You feel sick.
You are no longer poisoned.
Casting: Sticks to Snakes
Confirm with . or Enter, or press ? or * to list all spells.
You create a snake!
You now have 55 arrows.
The adder misses your ball python.
Your ball python misses the adder. x2
The adder barely misses your ball python.
Your tentacle spike disappears.
Your ball python bites the adder.
Your ball python grabs the adder.
Your ball python constricts the adder.
The adder bites your ball python.
Your ball python dies!
The adder hisses angrily.
Casting: Sticks to Snakes
Confirm with . or Enter, or press ? or * to list all spells.
You create a snake!
You now have 54 arrows.
The adder closely misses your ball python.
The adder misses your ball python.
Your ball python closely misses the adder.
Your ball python barely misses the adder.
The adder bites your ball python.
Your ball python dies! 2 orcs come into view.
The orc shouts!
You hear a shout!
Casting: Sticks to Snakes
Confirm with . or Enter, or press ? or * to list all spells.
You don't have enough magic to cast that spell.
The adder bites you.
* * * LOW HITPOINT WARNING * * *
You are lethally poisoned!
The adder poisons you!
You die...

#######.####.....##.
#.g.# #.#######
#.######.#
#g#......#
#.#......#
#o#......#
#.#......#
####S#......#
#####<@..#..)...##
...........##......#
..#####............#
#...##.......#
#......#######
#...#### #...# #...#
#...#


You could see an adder.

Vanquished Creatures
  An adder (D:2)
  3 worms
  2 dart slugs (D:1)
  A leopard gecko (D:2)
  An orc (D:3)
  2 giant cockroaches (D:1)
  5 goblins
  6 hobgoblins
  3 jackals (D:2)
  9 kobolds
  A quokka (D:2)
  A ball python (D:3)
  10 bats
  A rat (D:1)
46 creatures vanquished.

Notes
Turn   | Place    | Note
-------+----------+-------------------------------------------
     0 | D:1      | Mgcat the Octopode Transmuter began the quest for the Orb.
     0 | D:1      | Reached XP level 1. HP: 13/13 MP: 3/3
   104 | D:1      | HP: 1/13 [hobgoblin/club (4)]
   475 | D:1      | Reached XP level 2. HP: 15/18 MP: 3/5
   484 | D:1      | Learned a level 2 spell: Sticks to Snakes
   741 | D:1      | Reached XP level 3. HP: 15/23 MP: 6/6
   817 | D:1      | Learned a level 3 spell: Spider Form
  1471 | D:2      | Reached skill level 2 in Fighting
  1652 | D:2      | Reached XP level 4. HP: 12/29 MP: 3/7
  2112 | D:3      | HP: 6/29 [adder (2)]
  2120 | D:3      | HP: 4/29 [poisoned by an adder]
  2128 | D:3      | HP: 2/29 [poisoned by an adder]
  2150 | D:3      | HP: 1/29 [adder (2)]
  2151 | D:3      | Succumbed to an adder's poison

Skill      XL: |  1  2  3 |
---------------+----------+-----
Fighting       | 2 |  2.3
Dodging        | |  2.0
Unarmed Combat | |  3.6
Spellcasting   | |  2.2
Transmutations | |  2.9

Action                   |  1- 3 |  4- 6 || total
-------------------------+-------+-------++-------
Melee: Unarmed           |    87 |    22 ||   109
       Constrict         |    22 |     4 ||    26
       Tentacles         |    12 |     2 ||    14
       Kick              |    12 |     9 ||    21
 Cast: Beastly Appendage |    26 |     7 ||    33
       Sticks to Snakes  |     1 |     4 ||     5
  Use: Potion            |       |     1 ||     1
 Stab: Sleeping          |     4 |       ||     4
  Eat: Chunk             |     3 |     1 ||     4
Armor: Skin              |    10 |     1 ||    11
Dodge: Dodged            |    60 |    16 ||    76

Vault maps used:
D:1:      onia_arrival_mini_spirals
D:2:      first_ration
D:3:      kennysheep_the_goblin_king, serial_corexii_hall,
          corexii_hall_statues_s, corexii_hall_statues_l, uniq_ijyb,
          uniq_sigmund

Table legend:
 A = Turns spent in this place as a percentage of turns spent in the entire game.
 B = Non-inter-level travel turns spent in this place as a percentage of non-inter-level travel turns spent in the entire game.
 C = Inter-level travel turns spent in this place as a percentage of turns spent in this place.
 D = Turns resting spent in this place as a percentage of non-inter-level travel turns spent in this place.
 E = Turns spent auto-exploring this place as a percentage of non-inter-level travel turns spent in this place.
 F = Non-inter-level travel turns spent in this place divided by the number of levels of this place that you've seen.
                   A       B       C       D       E      F
               +-------+-------+-------+-------+-------+----------------------
         Total | 100.0 | 100.0 |   1.9 |   0.0 |  81.0 | 703.7
       Dungeon | 100.0 | 100.0 |   1.9 |   0.0 |  81.0 | 703.7
               +-------+-------+-------+-------+-------+----------------------

Table legend:
 A = Kills in this place as a percentage of kills in entire the game.
 B = Kills by you in this place as a percentage of kills by you in the entire game.
 C = Kills by friends in this place as a percentage of kills by friends in the entire game.
 D = Other kills in this place as a percentage of other kills in the entire game.
 E = Experience gained in this place as a percentage of experience gained in the entire game.
 F = Experience gained in this place divided by the number of levels of this place that you have seen.
                   A       B       C       D       E      F
               +-------+-------+-------+-------+-------+----------------------
         Total | 100.0 | 100.0 |   N/A |   N/A | 100.0 |  35.3
       Dungeon | 100.0 | 100.0 |   N/A |   N/A | 100.0 |  35.3
               +-------+-------+-------+-------+-------+----------------------
